 Dungeon Crawl Stone Soup version 0.29.0-15-g675c0067aa (webtiles) character file.

Game seed: 1633411110460778894

112 qw the Sneak (level 4, -15/28 HPs)
             Began as a Gargoyle Delver on Sept 11, 2022.
             Demolished by an ogre
             ... wielding a +0 giant club
              (23 damage)
             ... on level 2 of the Dungeon.
             The game lasted 00:01:01 (1942 turns).

qw the Sneak (Gargoyle Delver)                      Turns: 1942, Time: 00:01:02

Health: -15/28     AC:  8    Str: 17    XL:     4   Next: 93%
Magic:  4/4        EV: 10    Int: 11    God:
Gold:   134        SH:  0    Dex: 11    Spells: 3/3 levels left

rFire   . . .      SeeInvis .   Y - +1 hand axe
rCold   . . .      Faith    .   (no shield)
rNeg    + . .      Spirit   .   c - +0 ring mail
rPois   inf        Reflect  .   (no helmet)
rElec   +          Harm     .   (no cloak)
rCorr   .          Rampage  .   (no gloves)
Will    .....                   (no boots)
Stlth   ++........              (no amulet)
HPRegen 0.09/turn               (no ring)
MPRegen 0.09/turn               (no ring)

@: no status effects
A: sickness immunity, AC +3, negative energy resistance 1, electricity
resistance, torment resistance 1, petrification resistance
a: no special abilities


You were on level 2 of the Dungeon.
You visited 1 branch of the dungeon, and saw 5 of its levels.

You collected 134 gold pieces.


Innate Abilities, Weirdness & Mutations

You are immune to sickness and miasma.
Your stone body is resilient. (AC +3)
You are immune to poison.
You resist negative energy. (rN+)
You are resistant to electric shocks. (rElec)
You are resistant to unholy torment.
You are immune to petrification.


   Skills:
 - Level 3.2 Fighting
 + Level 4.3 Axes
 - Level 1.2 Armour
 - Level 1.5 Dodging
 - Level 5.4 Stealth


You had 3 spell levels left.
You didn't know any spells.
Your spell library was empty.

Inventory:

Hand Weapons
 b - a +0 whip
 Y - a +1 hand axe (weapon)
Armour
 c - a +0 ring mail (worn)
Wands
 g - a wand of digging (3)
Scrolls
 a - a scroll of blinking {unknown}
 i - 2 scrolls of identify
Potions
 d - a potion of berserk rage {unknown}
 e - a potion of mutation {unknown}
 f - a potion of haste

Dungeon Overview and Level Annotations

Branches:
Dungeon (5/15)
 Temple: D:4-7

Altars:

Shops:
D:3 :[


Message History

You barely miss the ogre. The ogre closely misses you.
You hit the ogre.
The ogre is lightly wounded.
You barely miss the ogre.
The ogre is lightly wounded.
The ogre hits you with a +0 giant club!
1927 ||| READING 2 scrolls of teleportation.
As you read the scroll of teleportation, it crumbles to dust.
You feel strangely unstable. The ogre closely misses you.
You hit the ogre.
The ogre is lightly wounded.
The ogre misses you.
You slash the ogre!
The ogre is heavily wounded.
Your surroundings suddenly seem different.
A hobgoblin comes into view.
Found a stone staircase leading down.
1935 ||| READING scroll of teleportation.
As you read the scroll of teleportation, it crumbles to dust.
You feel strangely unstable.
You hit the hobgoblin but do no damage. The hobgoblin closely misses you.
You closely miss the hobgoblin. The hobgoblin completely misses you.
You barely miss the hobgoblin.
Your surroundings suddenly seem different.
A bat comes into view.
You hit the ogre.
The ogre is heavily wounded.
The ogre completely misses you.
You barely miss the ogre.
The ogre is heavily wounded.
The ogre barely misses you.
You hit the ogre.
The ogre is severely wounded.
The ogre hits you with a +0 giant club!!
Ouch! That really hurt!
You die...

#########....####
.......##.#..### #.
.......#..##.... #.
.......#.## #.#.##..
.......#.# ......
.......#.# #...#
.........# # ...##
........######.#...#.##
#
................@.....#
#
........####....Ob###+#
### #.#####.# #.......#
.. ## ### #.......# #
#.......# # #........#
# .........# #
#......... #


You could see an ogre and a bat.

Vanquished Creatures
  6 adders (D:3)
  2 worms
  2 orcs (D:3)
  7 ball pythons
  2 endoplasms (D:1)
  6 giant cockroaches
  8 goblins
  4 hobgoblins
  3 quokkas
  2 bats (D:1)
  3 frilled lizards
  3 rats (D:1)
48 creatures vanquished.

Notes
Turn   | Place    | Note
-------+----------+-------------------------------------------
     0 | D:5      | qw the Gargoyle Delver began the quest for the Orb.
     0 | D:5      | Reached XP level 1. HP: 14/14 MP: 1/1
     0 | D:5      | 0 ||| qw: Version: 0.1-a-117-gfe26ee0
     0 | D:5      | 0 ||| qw: Game counter: 9929
     0 | D:5      | 0 ||| qw: Always use a shield: true
     0 | D:5      | 0 ||| qw: God list: Okawaru
     0 | D:5      | 0 ||| qw: Allow faded altars: false
     0 | D:5      | 0 ||| qw: Do Orc after D:15 true
     0 | D:5      | 0 ||| qw: Do second Lair branch before Depths: true
     0 | D:5      | 0 ||| qw: Lair rune preference: random
     0 | D:5      | 0 ||| qw: Plans: Normal
     0 | D:5      | 0 ||| PLANNING D:1-11
     4 | D:5      | 4 ||| DROPPING scroll of fog.
     5 | D:5      | 5 ||| DROPPING scroll of magic mapping.
     6 | D:5      | 6 ||| DROPPING scroll of fear.
    51 | D:4      | 51 ||| UPGRADING to +0 ring mail.
    61 | D:4      | 61 ||| DROPPING +0 leather armour.
    62 | D:4      | 62 ||| READING scroll labelled UNEORGH FUXOE.
    74 | D:3      | 74 ||| PLANNING SEWER
    96 | D:3      | Reached XP level 2. HP: 14/19 MP: 2/2
   173 | D:3      | 173 ||| Stepping ~*~*~tactically~*~*~ (stealth).
   182 | D:3      | 182 ||| Stepping ~*~*~tactically~*~*~ (stealth).
   185 | D:3      | 185 ||| Stepping ~*~*~tactically~*~*~ (stealth).
   187 | D:3      | 187 ||| Stepping ~*~*~tactically~*~*~ (stealth).
   189 | D:3      | 189 ||| Stepping ~*~*~tactically~*~*~ (stealth).
   297 | D:3      | 297 ||| Stepping ~*~*~tactically~*~*~ (stealth).
   317 | D:3      | Found Tumicani's Armour Boutique.
   324 | D:3      | 324 ||| SHOPLISTING +0 cloak (49 gold, have 16).
   324 | D:3      | 324 ||| SHOPLISTING +0 pair of boots (49 gold, have 16).
   324 | D:3      | 324 ||| SHOPLISTING +1 scale mail "Tink" {Will++ Slay+3}
                  | (468 gold, have 16).
   340 | D:3      | Found Xiext's Book Emporium.
   372 | D:3      | Found a glowing drain.
   373 | D:3      | 373 ||| READING scroll labelled FIZILUEFEO.
   388 | D:3      | Reached skill level 3 in Axes
   443 | D:3      | Reached skill level 1 in Armour
   443 | D:3      | Reached XP level 3. HP: 16/23 MP: 3/3
   636 | D:3      | 636 ||| READING scroll labelled YQORAU UHULIWA.
   688 | D:3      | Reached XP level 4. HP: 20/28 MP: 4/4
   905 | D:3      | 905 ||| RIP SEWER
   905 | D:3      | 905 ||| PLANNING D:1-11
   948 | D:1      | Found a faded altar of an unknown god.
  1296 | D:1      | 1296 ||| Stepping ~*~*~tactically~*~*~ (stealth).
  1297 | D:1      | 1297 ||| Stepping ~*~*~tactically~*~*~ (stealth).
  1749 | D:1      | 1749 ||| READING scroll labelled UFFEAB XIPO.
  1750 | D:1      | 1750 ||| READING scroll labelled WIYCVO DOITOYGG.
  1751 | D:1      | 1751 ||| READING 3 scrolls labelled DEPNIY ZEOMINK.
  1754 | D:1      | 1754 ||| READING 2 scrolls of identify.
  1754 | D:1      | 1754 ||| IDENTIFYING amethyst potion
  1755 | D:1      | 1755 ||| DROPPING potion of degeneration.
  1775 | D:2      | 1775 ||| STAIRDANCE
  1788 | D:2      | 1788 ||| STAIRDANCE
  1916 | D:2      | Noticed an ogre
  1926 | D:2      | HP: 6/28 [ogre/+0 giant club (11)]
  1927 | D:2      | 1927 ||| READING 2 scrolls of teleportation.
  1935 | D:2      | 1935 ||| READING scroll of teleportation.
  1942 | D:2      | Demolished by an ogre

Levels and vault maps discovered:
D:1:      evilmike_arrival_plus, layout_loops_ring, basic_ecumenical_altar,
          minmay_tiny_reverse_x
D:2:      layout_rooms, chequers_arboretum, grunt_ministairs_8,
          lightli_corner_chamber
D:3:      layout_rooms, gup_sewer_entry_glass, serial_shops, shop,
          nicolae_shop_temple_entry_statues_fountains
D:4:      layout_rooms, nicolae_ru_path_of_blood, minmay_temple_entry_grid,
          ebering_ghost_sewer_d, kennysheep_generic_room_7
D:5:      layout_gridville, kiku_gazebo_garden_becter

Skill      XL: |  1  2  3  4 |
---------------+-------------+-----
Axes           | 2 3 4 |  4.3
Armour         | 1 |  1.2
Fighting       | |  3.2
Dodging        | |  1.5
Stealth        | |  5.4

Action                   |  1- 3 |  4- 6 || total
-------------------------+-------+-------++-------
Melee: Hand axe          |    58 |   120 ||   178
       Punch             |     1 |       ||     1
  Use: Scroll            |     3 |     6 ||     9
 Stab: Sleeping          |       |     2 ||     2
Armor: Ring mail         |    34 |    48 ||    82
Dodge: Dodged            |    36 |    57 ||    93

Table legend:
 A = Non-vault XP
 B = Vault XP
 C = Vault XP percentage of total XP
 D = Non-vault monster count
 E = Vault monster count
 F = Vault count percentage of total count
                 A         B        C        D         E       F
            +---------+---------+-------+---------+---------+-------
      Total |     111 |      49 |  30.6 |      40 |       8 |  16.7
            +---------+---------+-------+---------+---------+-------
        D:1 |      38 |       4 |   9.5 |      23 |       2 |   8.0
        D:2 |      14 |       0 |   0.0 |       6 |       0 |   0.0
        D:3 |      57 |      45 |  44.1 |      10 |       6 |  37.5
        D:4 |       2 |       0 |   0.0 |       1 |       0 |   0.0
            +---------+---------+-------+---------+---------+-------
